AoeStats
← elefantenlümmel

Arena

508639201Analyzed
1v1 RM · 9d ago on Sep 23, 2026· 59m 55s· 2 players
Game mode
Random Map
Map size
Tiny (2 player)
Population
200
Speed
Normal
Resources
Standard
Victory
Conquest
Starting age
Dark Age
Ending age
Imperial Age
RankedLock teamsTeams togetherTeam positionsShared explorationLock speedFull tech treeHidden civsTurbo modeCheats
Victory
Defeat
🇨🇭 Cumans · Switzerland
1312
+14
🇪🇸 Khmer · Spain
1262
-14
OverladenKnave0
10:32 Feudal Age
13:50 Castle Age
11:58 Double-Bit Axe
12:08 Horse Collar
13:47 Loom
14:50 Bow Saw
15:07 Heavy Plow
17:36 Wheelbarrow
20:03 Gold Mining
20:04 Stone Mining
24:34 Scale Mail Armor
26:45 Hand Cart
29:04 Imperial Age
27:48 Forging
27:44 Scale Barding Armor
27:21 Pikeman
28:57 Chain Mail Armor
28:59 Fletching
29:45 Light Cavalry
30:37 Bloodlines
30:27 Husbandry
30:43 Masonry
31:37 Chemistry
32:01 Conscription
31:35 Halberdier
33:45 Iron Casting
33:12 Hussar
44:34 Chain Barding Armor
45:14 Blast Furnace
elefantenlümmel
8:36 Feudal Age
9:23 Double-Bit Axe
10:10 Horse Collar
19:06 Castle Age
17:05 Loom
17:57 Stone Mining
18:15 Gold Mining
25:29 Imperial Age
26:00 Bloodlines
25:11 Light Cavalry
26:48 Pikeman
28:59 Squires
29:30 Man-at-Arms
31:36 Bow Saw
31:16 Long Swordsman
32:03 Scale Mail Armor
32:14 Forging
32:36 Two-Handed Swordsman
41:04 Scale Barding Armor
41:18 Chain Mail Armor
41:14 Arson
42:59 Heavy Plow
47:01 Cavalier
49:58 Gold Shaft Mining
49:43 Scale Barding Armor
58:29 Chain Barding Armor
Connection lost

Rejoining the realm…

Still unreachable

The connection could not be restored.

Session expired

The server has moved on; the page needs a fresh start.